 Dungeon Crawl Stone Soup version 0.31-a0-1202-ga8fea8b373 (webtiles) character file.

Game seed: 5730043503727637879

9514 Descartes the Earth Mage (level 11, 0/36 (68) HPs)
             Began as a Formicid Earth Elementalist on Dec 12, 2023.
             Was an Initiate of Gozag.
             Incinerated by a deep elf pyromancer (1 damage)
             ... with a sticky flame
             ... on level 12 of the Dungeon.
             The game lasted 00:31:41 (12325 turns).

Descartes the Earth Mage (FoEE)                    Turns: 12325, Time: 00:31:42

HP:   0/36 (68)     AC: 12    Str: 17    XL:     11   Next: 75%
MP:   18/18         EV: 14    Int: 18    God:    Gozag
Gold: 45            SH:  6    Dex: 17    Spells: 12/20 levels left

rFire   + . .        K - +2 battleaxe (freeze)
rCold   + . .        V - +0 buckler
rNeg    . . .        O - +6 leather armour of Saek {rC+}
rPois   +            (helmet unavailable)
rElec   .            Y - +0 cloak of Fetsej {rC+ Dex+3}
rCorr   .            o - +0 pair of gloves
SInv    +            C - +0 pair of boots
Will    ++...        t - amulet of regeneration
Stlth   +            r - ring of poison resistance
HPRegen 1.06/turn    A - ring "Neleism" {Fire Will+ Int+3}
MPRegen 0.16/turn

%: no passive effects
@: on fire, glowing, very heavily drained
A: permanent stasis, dig shafts and tunnels, antennae 3, four strong arms
a: Dig, Shaft Self, Renounce Religion, Potion Petition, Call Merchant, Bribe
Branch


You were on level 12 of the Dungeon.
You worshipped Gozag.
Gozag was noncommittal.
You visited 2 branches of the dungeon, and saw 13 of its levels.
You visited 1 bazaar.

You collected 2079 gold pieces.
You spent 1577 gold pieces at shops.
You paid 457 gold pieces to Gozag.

Inventory:

Hand Weapons
 x - a +2 dagger of holy wrath
 F - a +2 whip of draining
 H - a +3 great sword of freezing
 K - a +2 battleaxe of freezing (weapon)
Missiles
 j - 22 poisoned darts
 P - a throwing net
 S - 2 boomerangs
Armour
 o - a +0 pair of gloves (worn)
 C - a +0 pair of boots (worn)
 N - the +1 robe of Tenacity {Fly Will+}
   (You found it on level 7 of the Dungeon)

   Will+:     It increases your willpower.
   Fly:       It grants you flight.
 O - the +6 leather armour of Saek (worn) {rC+}
   (You found it on level 8 of the Dungeon)

   rC+:       It protects you from cold.
 V - a +0 buckler (worn)
 W - the +3 leather armour of Dier {rF+ rC- Dex+5}
   (You took it off a wight on level 10 of the Dungeon)

   Dex+5:     It affects your dexterity (+5).
   rF+:       It protects you from fire.
   rC-:       It makes you vulnerable to cold.
 Y - the +0 cloak of Fetsej (worn) {rC+ Dex+3}
   (You bought it in a shop on level 10 of the Dungeon)

   Dex+3:     It affects your dexterity (+3).
   rC+:       It protects you from cold.
Jewellery
 d - a ring of protection from fire
 m - a ring of positive energy
 r - a ring of poison resistance (left hand)
 t - an amulet of regeneration (around neck)
 A - the ring "Neleism" (right hand) {Fire Will+ Int+3}
   (You found it on level 4 of the Dungeon)

   [ring of fire]

   Fire:      It enhances your fire magic.
   Int+3:     It affects your intelligence (+3).
   rF+:       It protects you from fire.
   rC-:       It makes you vulnerable to cold.
   Will+:     It increases your willpower.
 I - a +6 ring of intelligence
Wands
 M - a wand of flame (9)
 Z - a wand of paralysis (5)
Scrolls
 c - 3 scrolls of vulnerability
 e - a scroll of immolation {unknown}
 g - a scroll of brand weapon {unknown}
 l - 3 scrolls of poison
 q - 2 scrolls of fog {unknown}
 s - 2 scrolls of revelation
 w - 2 scrolls of fear {unknown}
 B - a scroll of torment {unknown}
 D - a scroll of acquirement {unknown}
 G - 3 scrolls of amnesia {unknown}
 R - a scroll of silence {unknown}
Potions
 a - a potion of lignification
 b - a potion of magic
 i - a potion of invisibility {unknown}
 n - 3 potions of brilliance
 p - a potion of mutation
 u - a potion of enlightenment
 v - a potion of heal wounds {unknown}
 z - a potion of berserk rage {unknown}
 J - 3 potions of might
 L - a potion of attraction
 Q - a potion of resistance {unknown}


   Skills:
 - Level 5.0 Dodging
 - Level 2.4 Stealth
 + Level 6.8 Shields
 + Level 5.0 Spellcasting
 + Level 0.0 Conjurations
 - Level 1.1 Transmutations
 + Level 18.1 Earth Magic


You had 12 spell levels left.
You knew the following spells:

 Your Spells              Type           Power      Damage    Failure   Level
a - Sandblast             Erth           100%       2d20      0%          1
b - Stone Arrow           Conj/Erth      74%        3d11      1%          3
c - Petrify               Tmut/Erth      39%        N/A       3%          4

Your spell library contained the following spells:

 Spells                   Type           Power      Damage    Failure   Level
 Passwall                 Tmut/Erth      32%        N/A       1%          2
 Lee's Rapid Deconstruct  Erth           31%        3d16*     1%          5
 Animate Armour           Summ/Erth      74%        N/A       4%          4
 Brom's Barrelling Bould  Conj/Erth      37%        2d6       4%          4
 Leda's Liquefaction      Hex/Erth       18%        N/A       4%          4
 Static Discharge         Conj/Air       8%         3-4/arc   30%         2
 Tukima's Dance           Hex            4%         N/A       52%         3
 Airstrike                Air            2%         2d(1-17)  89%         4
 Passage of Golubria      Tloc           4%         N/A       89%         4
 Summon Lightning Spire   Summ/Air       4%         N/A       89%         4
 Yara's Violent Unravell  Hex/Tmut       3%         3d4       99%         5
 Lehudib's Crystal Spear  Conj/Erth      18%        10d6      100%        8


Dungeon Overview and Level Annotations

Branches:
Dungeon (12/15)            Temple (1/1) D:6            Lair (0/5) D:9
    Orc (0/2) D:10

Altars:
Ashenzari
Cheibriados
Dithmenos
Elyvilon
Fedhas
Gozag
Hepliaklqana
Kikubaaqudgha
Makhleb
Nemelex Xobeh
Okawaru
Qazlal
Ru
Sif Muna
Trog
Uskayaw
Vehumet
Wu Jian
Xom
Yredelemnul
Zin
The Shining One

Shops:
D:1 !   D:2 !   D:6 [   D:10 ?=[(

Portals:
Ice
Cave: D:12


Innate Abilities, Weirdness & Mutations

You cannot be hasted, slowed, berserked, paralysed or teleported.
You can dig through walls and to a lower floor.
You have a pair of large antennae on your head. (SInv)
Your four strong arms can wield two-handed weapons with a shield.


Message History

The yak attacks as it pursues you! The yak gores you!
You dig through the rock wall.
You feel drained. The yak attacks as it pursues you!
The yak gores you but does no damage.
You dig through the rock wall.
You feel drained.
You dig through the rock wall.
You feel drained.
You dig through the rock wall.
You feel drained.
You dig through the rock wall.
You feel drained.
You retract your mandibles.
The yak barely misses you.
The deep elf pyromancer casts a spell.
The deep elf pyromancer blinks!
The yak completely misses you. The deep elf pyromancer misses you.
You slash the yak! You freeze the yak.
The yak is moderately wounded.
You slash the yak! You freeze the yak. You hit the yak. You freeze the yak.
You closely miss the deep elf pyromancer.
The yak gores you! The yak barely misses you.
The yak gores you but does no damage. The deep elf pyromancer misses you.
The yak gores you. You block the yak's attack.
The yak gores you but does no damage.
The deep elf pyromancer hits you with a +2 rapier of protection!
You barely miss the yak.
The yak is moderately wounded.
You slash the yak! You freeze the yak. You hit the yak. You freeze the yak.
You slash the deep elf pyromancer! You freeze the deep elf pyromancer.
The yak gores you. x2
* * * LOW HITPOINT WARNING * * *
The yak gores you.
* * * LOW HITPOINT WARNING * * *
The deep elf pyromancer closely misses you.
The yak gores you but does no damage. You block the yak's attack.
The yak gores you but does no damage.
The deep elf pyromancer casts a spell at you.
The sticky flame hits you. You resist.
You are covered in liquid flames!
* * * LOW HITPOINT WARNING * * *
You need at least 400 gold to purchase potions right now!
Unknown command.
You are covered in liquid flames!
You die...
Your body crumbles into a pile of gold.

*,,,,,,,* ##.## ##.
*,,,,,,,*##.#)# ##
*****+***#.##.#* *,,* ##.##..*
*,** #.#...## *,*
#.##...##******** *,*
#.#.....#*,,,,,,*
*******,***#{#..Ye.#*,,,,,,* ****
,,,,,,,,,,*#.#..@..#*,,,,,,* *,,.
,,,,,,,,,,*#{##.YY##*,,,,,^***,,.
,,,,,.......#.###h#**,,,,,,*,+,,.
,,,,,.....####{.{##*,,,,,,,+,*,,.
,,,,,....,* ####.......,,,***,,.
*****.##*** *##+####**** ***# *,*
*,*** **,* *,,,* *^,* ***+****


You could see a polar bear, a deep elf pyromancer and 3 yaks.

Vanquished Creatures
  A two-headed ogre (D:9)
  An unseen horror zombie (D:9)
  A hornet (D:8)
  A vampire (D:8)
  2 wraiths
  2 wyverns
  15 yaks
  A water moccasin (D:6)
  A swamp drake (D:10)
  4 orc warriors
  An ice beast (D:8)
  A black bear (D:7)
  A sky beast (D:7)
  2 ogres
  2 centaurs
  A phantom (D:6)
  7 bullfrogs
  3 gnoll sergeants
  4 scorpions
  A wyvern zombie (D:8)
  32 wights
  5 killer bees
  4 howler monkeys
  7 centaur zombies
  A hound (D:6)
  7 orc priests
  2 gnoll boudas
  A jelly (D:5)
  An iguana (D:5)
  3 sleepcaps
  15 orc wizards
  Terence (D:3)
  A killer bee zombie (D:8)
  A howler monkey zombie (D:8)
  21 gnolls
  5 adders
  A shadow imp (D:7)
  A white imp (D:6)
  4 ufetubi
  A worm (D:2)
  4 dart slugs
  46 orcs
  3 ball pythons
  14 endoplasms
  4 giant cockroaches
  6 goblins
  3 hobgoblins (D:1)
  5 jackals
  8 kobolds
  5 quokkas
  4 bats
  5 frilled lizards
  7 rats
280 creatures vanquished.

Notes
Turn   | Place    | Note
-------+----------+-------------------------------------------
     0 | D:1      | Descartes the Formicid Earth Elementalist began the quest
                  | for the Orb.
     0 | D:1      | Reached XP level 1. HP: 13/13 MP: 3/3
    40 | D:1      | Found Vyolyig's Distillery.
   173 | D:1      | Reached skill level 4 in Earth Magic
   210 | D:1      | Reached XP level 2. HP: 19/19 MP: 1/5
   603 | D:1      | Reached XP level 3. HP: 24/24 MP: 3/6
   665 | D:1      | Reached skill level 5 in Earth Magic
   992 | D:2      | Reached XP level 4. HP: 26/30 MP: 0/7
  1220 | D:2      | Found Nyun's Distillery.
  1484 | D:2      | Reached skill level 6 in Earth Magic
  1660 | D:3      | Found a white marble altar of Elyvilon.
  1695 | D:3      | Noticed Terence
  1703 | D:3      | Killed Terence
  1750 | D:3      | Found an ornate altar of the Wu Jian Council.
  1770 | D:3      | Reached XP level 5. HP: 35/35 MP: 6/8
  2188 | D:3      | Reached skill level 7 in Earth Magic
  2321 | D:4      | Found a stormy altar of Qazlal.
  2524 | D:4      | Found a blossoming altar of Fedhas.
  2755 | D:4      | Reached XP level 6. HP: 32/37 MP: 3/9
  2844 | D:4      | Reached skill level 8 in Earth Magic
  2934 | D:4      | Found a broken altar of Ashenzari.
  3111 | D:4      | Identified the ring "Neleism" {Fire Will+ Int+3}
  3294 | D:5      | Entered Level 5 of the Dungeon
  3418 | D:5      | Reached XP level 7. HP: 43/46 MP: 6/10
  3703 | D:5      | Found an opulent altar of Gozag.
  3710 | D:5      | Became a worshipper of Gozag Ym Sagoz the Greedy
  3849 | D:5      | Reached skill level 9 in Earth Magic
  4574 | D:5      | Reached skill level 10 in Earth Magic
  4836 | D:6      | Reached XP level 8. HP: 52/52 MP: 7/11
  4918 | D:6      | Reached skill level 11 in Earth Magic
  5046 | D:6      | Found Teuv's Antique Armour Shop.
  5125 | D:6      | Reached skill level 12 in Earth Magic
  5166 | D:6      | Found a staircase to the Ecumenical Temple.
  5173 | Temple   | Entered the Ecumenical Temple
  5211 | D:6      | Found a burning altar of Makhleb.
  5358 | D:6      | Found a hide-covered altar of Uskayaw.
  5362 | D:6      | Reached XP level 9. HP: 57/57 MP: 9/12
  5386 | D:6      | Reached skill level 13 in Earth Magic
  5940 | D:7      | Reached skill level 14 in Earth Magic
  6299 | D:7      | HP: 1/54 [black bear (3)]
  6312 | D:7      | Reached skill level 15 in Earth Magic
  6461 | D:7      | Identified the +1 robe of Tenacity {Fly Will+}
  6605 | D:7      | Learned a level 3 spell: Stone Arrow
  6610 | D:7      | Learned a level 4 spell: Petrify
  6684 | D:8      | Identified the +6 leather armour of Saek {rC+}
  6797 | D:8      | Reached XP level 10. HP: 60/63 MP: 4/14
  8203 | D:8      | Found a glowing silver altar of Zin.
  8578 | D:8      | Reached skill level 5 in Spellcasting
  8578 | D:8      | Reached skill level 16 in Earth Magic
  9118 | D:9      | Found a shimmering blue altar of Sif Muna.
  9285 | D:9      | Reached skill level 5 in Dodging
  9341 | D:9      | Found a basalt altar of Yredelemnul.
  9371 | D:9      | Found the +6 shillelagh "Devastator" {shatter}
  9412 | D:9      | Found a sparkling altar of Nemelex Xobeh.
  9538 | D:9      | Found a staircase to the Lair.
  9553 | D:9      | Noticed a two-headed ogre
  9755 | D:9      | Killed a two-headed ogre
  9756 | D:9      | Reached skill level 17 in Earth Magic
  9756 | D:9      | Reached XP level 11. HP: 68/68 MP: 8/18
 10126 | D:10     | Entered Level 10 of the Dungeon
 10131 | D:10     | Reached skill level 1 in Shields
 10505 | D:9      | Reached skill level 5 in Shields
 10589 | D:10     | Identified the +3 leather armour of Dier {rF+ rC- Dex+5}
 10717 | D:10     | Found Miun's Magic Scroll Shoppe.
 10783 | D:10     | Found Qacec's Jewellery Emporium.
 10802 | D:10     | Found Vaomoih's Armour Boutique.
 11105 | D:10     | Found Doeczape's Antique Weapon Shoppe.
 11265 | D:10     | Bought the +0 cloak of Fetsej {rC+ Dex+3} for 297 gold
                  | pieces
 11326 | D:10     | Reached skill level 18 in Earth Magic
 11449 | D:10     | Found a staircase to the Orcish Mines.
 12100 | D:11     | Found a radiant altar of Vehumet.
 12130 | D:12     | Found a flickering gateway to a bazaar.
 12142 | Bazaar   | Entered a bazaar
 12142 | Bazaar   | Found Jaonut's Assorted Antiques.
 12142 | Bazaar   | Found Caituef's General Store.
 12142 | Bazaar   | Found Lupo's Weapon Shoppe.
 12144 | Bazaar   | Found Solyte's Book Shoppe.
 12144 | Bazaar   | Found Sous's Book Boutique.
 12185 | Bazaar   | Bought a potion of curing for 51 gold pieces
 12188 | Bazaar   | Bought a cyan potion for 27 gold pieces
 12188 | Bazaar   | Bought a fuming blue potion for 27 gold pieces
 12188 | Bazaar   | Bought a notched wooden ring for 155 gold pieces
 12224 | Bazaar   | Bought a book of Iron for 544 gold pieces
 12224 | Bazaar   | Bought Jorgrun's Excursus on Geology for 476 gold pieces
 12301 | D:12     | Noticed a deep elf pyromancer
 12306 | D:12     | Found a frozen archway.
 12309 | D:12     | Noticed an ice dragon
 12324 | D:12     | HP: 1/36 [deep elf pyromancer/sticky flame (1)]
 12325 | D:12     | Incinerated by a deep elf pyromancer

Illustrated notes

Levels and vault maps discovered:
D:1:      co_arrival_square_in_a_square_in_a_square, layout_loops_cross,
          serial_shops, shop
D:2:      layout_rooms, serial_shops, nicolae_lakefront_shop
D:3:      layout_basic, mainiacjoe_overflow_tiny_flanked,
          mainiacjoe_overflow_paths, uniq_terence
D:4:      layout_basic, grunt_temple_overflow_forces_of_nature,
          kennysheep_mini_moat, hex_large, st_stairs_13
D:5:      layout_gridville, grunt_gozag_statues
D:6:      layout_basic, mainiacjoe_overflow_alcove_2,
          nicolae_overflow_hidden_temple, minmay_temple_entry_drinking_statues,
          serial_shops, nicolae_shop_waterfront
D:7:      layout_loops_cross, corner_web_ring
D:8:      wad_crossroads, layout_basic, kennysheep_mini, serial_undead,
          serial_undead_b, serial_undead_c, serial_undead_f, serial_undead_e,
          serial_undead_c, serial_undead_c
D:9:      layout_long_grid, kennysheep_orc_sif_temple,
          mainiacjoe_overflow_six_doors_small, lemuel_zombie_altar_yredelemnul,
          dpeg_oklobed_lair, st_stairs_7, hangedman_minor_gate_pass
D:10:     layout_basic, erik_orc_1, serial_shops, nicolae_shop_hallway_stairs,
          nicolae_shop_back_alley_shop, nicolae_shop_crystal,
          nicolae_shop_tiny_waterfront
D:11:     layout_basic, fiery_altar_vehumet
D:12:     layout_roguey, portal_ice_cave_entry_animals_and_master, serial_shops,
          bzr_entry_customers
Temple:   nicolae_temple_ecumenical_triangle

Skill      XL: |  1  2  3  4  5  6  7  8  9 10 11 |
---------------+----------------------------------+-----
Earth Magic    | 4 5 6 7 8 10 12 15 17 18 | 18.1
Dodging        | 2 5 |  5.0
Spellcasting   | 3 5 |  5.0
Shields        | 6 |  6.8
Stealth        | |  2.4
Transmutations | |  1.1

Action                     |  1- 3 |  4- 6 |  7- 9 | 10-12 || total
---------------------------+-------+-------+-------+-------++-------
  Melee: Unarmed           |     2 |       |       |       ||     2
         Mace              |     8 |     2 |       |       ||    10
         Battleaxe         |       |       |     1 |    18 ||    19
   Cast: Sandblast         |    42 |    79 |   147 |   139 ||   407
         Stone Arrow       |       |       |     1 |    94 ||    95
         Petrify           |       |       |       |     1 ||     1
 Invoke: Potion Petition   |       |       |     2 |       ||     2
Ability: Dig               |       |     1 |     1 |     1 ||     3
         Shaft Self        |       |       |       |     1 ||     1
    Use: Scroll            |       |       |       |    11 ||    11
 Armour: Robe              |    18 |     2 |     4 |       ||    24
         Leather armour    |       |     6 |     5 |   116 ||   127
         Chain mail        |       |    24 |   100 |       ||   124
  Dodge: Dodged            |    20 |     9 |    59 |   115 ||   203
  Block: Buckler           |       |       |       |    21 ||    21

Table legend: (Time is in decaauts)
 A = Elapsed time spent in this place.
 B = Non-inter-level travel time spent in this place.
 C = Inter-level travel time spent in this place.
 D = Time resting spent in this place.
 E = Time spent auto-exploring this place.
 F = Levels seen in this place.
 G = Mean time per level.
                   A        B        C        D        E       F      G
               +--------+--------+--------+--------+--------+-----+--------+
         Total |  12554 |  12058 |    496 |      0 |   9944 |  14 |  896.7 |
       Dungeon |  12438 |  11942 |    496 |      0 |   9938 |  12 | 1036.5 |
        Temple |      1 |      1 |      0 |      0 |      0 |   1 |    1.0 |
        Bazaar |    114 |    114 |      0 |      0 |      6 |   1 |  114.0 |
               +--------+--------+--------+--------+--------+-----+--------+

Top non-repeatable levels by time:
     D:8: 2060 daAuts
     D:9: 1753 daAuts
     D:5: 1362 daAuts
    D:10: 1235 daAuts
     D:6: 1078 daAuts
     D:7: 1071 daAuts
     D:4: 989 daAuts
     D:1: 882 daAuts
     D:3: 781 daAuts
     D:2: 699 daAuts
    D:11: 444 daAuts
  Bazaar: 114 daAuts
    D:12: 80 daAuts
  Temple: 1 daAuts
